 Dungeon Crawl Stone Soup version 0.32-a0-900-g30fb1b0edc (webtiles) character file.

Game seed: 4579783510404296866

573 Biggs the Shooter (level 7, -7/50 HPs)
             Began as a Coglin Hunter on Apr 6, 2024.
             Shot with an arrow by a centaur (8 damage)
             ... on level 5 of the Dungeon.
             The game lasted 00:04:26 (2447 turns).

Biggs the Shooter (Coglin Hunter)                   Turns: 2447, Time: 00:04:26

Health: -7/50      AC:  6    Str: 12    XL:     7   Next: 34%
Magic:  7/7        EV: 11    Int:  8    God:
Gold:   138        SH:  0    Dex: 19    Spells: 6/6 levels left

rFire   . . .        a - +2 sling {Waldo}
rCold   . . .        d - +0 sling {Nebetia}
rNeg    . . .        c - +0 leather armour
rPois   .            (no helmet)
rElec   .            l - +0 cloak
rCorr   .            j - +0 pair of gloves
SInv    .            f - +0 pair of boots
Will    .....        (amulet unavailable)
Stlth   ++           (ring unavailable)
HPRegen 0.28/turn    (ring unavailable)
MPRegen 0.10/turn    (no gizmo)

%: no passive effects
@: invisible, revved
A: off-hand wielding, slow wielding, warmup strikes, no jewellery
a: Invent Gizmo


You were on level 5 of the Dungeon.
You visited 1 branch of the dungeon, and saw 5 of its levels.

You collected 138 gold pieces.

Inventory:

Hand Weapons
 a - a +2 sling (weapon) {Waldo}
 d - a +0 sling (offhand) {Nebetia}
Armour
 c - a +0 leather armour (worn)
 f - a +0 pair of boots (worn)
 j - a +0 pair of gloves (worn)
 l - a +0 cloak (worn)
Wands
 k - a wand of polymorph (12)
Scrolls
 b - a scroll of butterflies
 g - 6 scrolls of identify {unknown}
 i - 2 scrolls of revelation {unknown}
 n - 2 scrolls of enchant weapon {unknown}
 o - a scroll of fog {unknown}
 p - a scroll of enchant armour {unknown}
 q - a scroll of amnesia {unknown}
Potions
 m - a potion of berserk rage {unknown}


   Skills:
 - Level 2.0 Fighting
 + Level 7.9 Ranged Weapons
 - Level 1.7 Dodging
 - Level 0.7 Stealth


You had 6 spell levels left.
You didn't know any spells.
Your spell library contained the following spells:

 Spells                   Type           Power      Damage    Failure   Level
 Magic Dart               Conj           0%         1d3       50%         1
 Blink                    Tloc           0%         N/A       63%         2
 Call Imp                 Summ           0%         N/A       63%         2
 Lesser Beckoning         Tloc           0%         N/A       63%         2
 Momentum Strike          Conj/Tloc      0%         3d8       63%         2
 Frozen Ramparts          Ice            0%         1d1       86%         3
 Maxwell's Portable Pile  Tloc           0%         2d(5-13)  86%         3
 Volatile Blastmotes      Fire/Tloc      0%         2d10      86%         3
 Passage of Golubria      Tloc           0%         N/A       99%         4
 Manifold Assault         Tloc           0%         N/A       100%        7


Dungeon Overview and Level Annotations

Branches:
Dungeon (5/15)
 Temple: D:4-7

Altars:
Gozag
Makhleb
Xom


Innate Abilities, Weirdness & Mutations

You can wield a second weapon in your off-hand.
It takes a long time for you to wield or remove held weapons.
Your first few attacks do less damage.
You cannot equip rings or amulets.


Message History

The centaur shoots an arrow.
The arrow hits you.
You are too injured to fight recklessly!
Unknown command.
Unknown command.
You are too injured to fight recklessly!
Fire: a) +2 sling {Waldo}
Press: ? - help, Q - select action, (/) - cycle Shift-Dir - straight line, f - centaur
Aim: a centaur, wielding a +0 shortbow (75% to hit)
You shoot a sling bullet. The sling bullet hits the centaur.
The centaur is lightly wounded.
You shoot a sling bullet.
The sling bullet barely misses the centaur.
The liquid fire burns you!
The centaur shoots an arrow.
The arrow barely misses you.
Fire: a) +2 sling {Waldo}
Press: ? - help, Q - select action, (/) - cycle Shift-Dir - straight line, f/p - centaur
Aim: a centaur, wielding a +0 shortbow (lightly wounded, 75% to hit)
You shoot a sling bullet.
The sling bullet hits the centaur but does no damage.
The centaur is lightly wounded.
You shoot a sling bullet. The sling bullet hits the centaur.
The centaur is lightly wounded.
The liquid fire burns you!
* * * LOW HITPOINT WARNING * * *
The centaur shoots an arrow.
The arrow hits you.
* * * LOW HITPOINT WARNING * * *
The centaur shoots an arrow.
The arrow hits you!
* * * LOW HITPOINT WARNING * * *
Unknown command.
It was a potion of cancellation.
You are no longer on fire.
You feel magically purged.
The centaur shoots an arrow.
The arrow completely misses you.
Unknown command.
Unknown command.
It was a potion of invisibility.
You fade into invisibility!
The centaur shoots an arrow.
The arrow hits you!
You die...

#... ..) ...
.l #c #.##
#..# #@# #.#
#.# #.#
#.####.####.#
#.....#.....#
######.######
###.###
#.....#


You could see a centaur (unable to see you) and an iguana (unable to see you).

Vanquished Creatures
  Sigmund (D:2)
  A bombardier beetle (D:5)
  2 jellies (D:4)
  An orc priest (D:4)
  Crazy Yiuf (D:2)
  A hound (D:4)
  Terence (D:2)
  An orc wizard (D:4)
  9 adders
  3 dart slugs
  5 ribbon worms
  6 orcs (D:4)
  5 ball pythons
  2 bats (D:1)
  5 endoplasms
  5 giant cockroaches
  8 goblins
  6 hobgoblins
  4 jackals (D:4)
  5 quokkas
  4 frilled lizards
  3 kobolds
  9 rats
88 creatures vanquished.

Notes
Turn   | Place    | Note
-------+----------+-------------------------------------------
     0 | D:1      | Biggs the Coglin Hunter began the quest for the Orb.
     0 | D:1      | Reached XP level 1. HP: 16/16 MP: 1/1
   178 | D:1      | Reached skill level 4 in Ranged Weapons
   178 | D:1      | Reached XP level 2. HP: 22/22 MP: 2/2
   407 | D:1      | Reached XP level 3. HP: 27/27 MP: 3/3
   917 | D:2      | Found a runed translucent door.
   918 | D:2      | Noticed Crazy Yiuf
   949 | D:2      | Noticed Sigmund
   955 | D:2      | Noticed Terence
   960 | D:2      | Killed Sigmund
   961 | D:2      | Reached skill level 6 in Ranged Weapons
   961 | D:2      | Reached XP level 4. HP: 26/33 MP: 4/4
   961 | D:2      | Reached XP level 5. HP: 30/38 MP: 5/5
   963 | D:2      | Killed Terence
   964 | D:2      | Reached XP level 6. HP: 32/44 MP: 6/6
  1021 | D:2      | Got the Anthology of Twisted Hoarfrost
  1293 | D:2      | Killed Crazy Yiuf
  1487 | D:3      | Reached skill level 7 in Ranged Weapons
  1510 | D:3      | Found a shimmering altar of Xom.
  1924 | D:4      | Reached XP level 7. HP: 40/50 MP: 7/7
  2119 | D:4      | Found an opulent altar of Gozag.
  2265 | D:4      | Found a burning altar of Makhleb.
  2423 | D:5      | Entered Level 5 of the Dungeon
  2445 | D:5      | HP: 1/50 [centaur/arrow (9)]
  2447 | D:5      | Shot with an arrow by a centaur

Illustrated notes

Levels and vault maps discovered:
D:1:      sevenhm_arrival_forest_fort_small_3, layout_loops_ring,
          dreamdust_wishing_well, minmay_tetromino_o4
D:2:      layout_rooms, uniq_sigmund, uniq_terence, uniq_crazy_yiuf_cottage
D:3:      layout_rooms, old_standard_altar
D:4:      layout_cave_pools, mainiacjoe_overflow_alcove_1,
          makhleb_blood_cavern_becter, amcnicky_mini_pool_small,
          supply_closet_lemuel, grunt_ministairs_1
D:5:      layout_loops_ring, nicolae_uskayaw_suspiria,
          hangedman_abyss_or_decor_stagger

Skill      XL: |  1  2  3  4  5  6 |
---------------+-------------------+-----
Ranged Weapons | 4 6 7 |  7.9
Fighting       | |  2.0
Dodging        | |  1.7
Stealth        | |  0.7

Action                     |  1- 3 |  4- 6 |  7- 9 || total
---------------------------+-------+-------+-------++-------
   Fire: Sling             |   158 |   166 |   110 ||   434
    Use: Potion            |       |       |     2 ||     2
 Armour: Leather armour    |    12 |    13 |    11 ||    36
  Dodge: Dodged            |    10 |    10 |     7 ||    27

Table legend: (Time is in decaauts)
 A = Elapsed time spent in this place.
 B = Non-inter-level travel time spent in this place.
 C = Inter-level travel time spent in this place.
 D = Time resting spent in this place.
 E = Time spent auto-exploring this place.
 F = Levels seen in this place.
 G = Mean time per level.
                   A        B        C        D        E       F      G
               +--------+--------+--------+--------+--------+-----+--------+
         Total |   2475 |   2358 |    117 |      0 |   1945 |   5 |  495.0 |
       Dungeon |   2475 |   2358 |    117 |      0 |   1945 |   5 |  495.0 |
               +--------+--------+--------+--------+--------+-----+--------+

Top non-repeatable levels by time:
     D:1: 740 daAuts
     D:4: 626 daAuts
     D:2: 610 daAuts
     D:3: 474 daAuts
     D:5: 23 daAuts
